 Dungeon Crawl Stone Soup version 0.27-a0-1060-gcb85b5eba1 (webtiles) character file.

Game seed: 1206606706535063665

14 kae the Ruffian (level 2, 0/25 HPs)
             Began as a Naga Transmuter on Apr 21, 2021.
             Slain by a hobgoblin (3 damage)
             ... on level 1 of the Dungeon.
             The game lasted 00:00:20 (538 turns).

kae the Ruffian (Naga Transmuter)                    Turns: 538, Time: 00:00:21

Health: 0/25       AC:  1    Str: 12    XL:     2   Next: 41%
Magic:  5/5        EV:  9    Int: 13    God:
Gold:   25         SH:  0    Dex: 11    Spells: 4/5 levels left

rFire    . . .     SeeInvis +     - Unarmed
rCold    . . .     Faith    .   (no shield)
rNeg     . . .     Spirit   .   a - +0 robe
rPois    +         Reflect  .   (no helmet)
rElec    .         Harm     .   (no cloak)
rCorr    .         Rampage  .   (no gloves)
Will     .....                  (no barding)
Stlth    +.........             (no amulet)
HPRegen  0.08/turn              (no ring)
MPRegen  0.09/turn              (no ring)

@: short of breath, very slow
A: AC +0, large, see invisible, deformed body, poison resistance, slowness 2,
spit poison 1, naga tail 1
a: Spit Poison


You were on level 1 of the Dungeon.
You visited 1 branch of the dungeon, and saw 1 of its levels.

You collected 25 gold pieces.

Inventory:

Armour
 a - a +0 robe (worn)


   Skills:
 + Level 1.2 Fighting
 + Level 1.6 Dodging
 * Level 3.2 Unarmed Combat
 + Level 2.1 Spellcasting
 * Level 2.3 Transmutations


You had 4 spell levels left.
You knew the following spells:

 Your Spells              Type           Power      Damage    Failure   Level
a - Beastly Appendage     Tmut           14%        N/A       10%         1

Your spell library contained the following spells:

 Spells                   Type           Power      Damage    Failure   Level
 Wereblood                Tmut           7%         N/A       14%         2
 Spider Form              Tmut/Pois      2%         N/A       43%         3
 Ice Form                 Ice/Tmut       4%         N/A       83%         4
 Hydra Form               Tmut           3%         N/A       95%         5


Dungeon Overview and Level Annotations

Branches:
Dungeon (1/15)

Altars:


Innate Abilities, Weirdness & Mutations

Your serpentine skin is tough. (AC +0)
You have supernaturally acute eyesight. (SInv)
Armour fits poorly on your strangely shaped body.
Your system is resistant to poisons. (rPois)
You cover ground very slowly.
You can spit poison.
You have a snake-like lower body.


Message History

The kobold shouts!
You hear a shout!
A hobgoblin comes into view.
The ball python barely misses you.
A quokka comes into view.
You closely miss the ball python.
The ball python is severely wounded.
Your transformation is almost over.
The ball python bites you.
You closely miss the ball python. Your punch misses the ball python.
The ball python is severely wounded.
You kill the ball python!
You barely miss the kobold.
The kobold hits you with a +0 short sword.
You have got your breath back.
The kobold closely misses you.
You hit the kobold.
You kill the kobold!
You completely miss the quokka. The quokka barely misses you.
The quokka bites you.
Abil: Spit Poison
Press: ? - help, Q - select action, (/) - cycle Shift-Dir - straight line, f - quokka
Aim: a quokka The splash of poison hits the quokka.
The quokka is poisoned.
The quokka is moderately wounded.
Your horns disappear.
The quokka bites you.
You barely miss the quokka.
The quokka is severely wounded.
You kill the quokka!
The hobgoblin barely misses you. The hobgoblin hits you.
Things that are here:
a +0 short sword; a kobold corpse You hit the hobgoblin but do no damage.
The hobgoblin hits you.
* * * LOW HITPOINT WARNING * * *
You closely miss the hobgoblin. The hobgoblin hits you.
* * * LOW HITPOINT WARNING * * *
You hit the hobgoblin.
The hobgoblin is moderately wounded.
The hobgoblin hits you.
You die...

######.#########
#.......##.....#
#.#####.##..<.(#
#.# #.##..#..###
#.# #.##..#..##.
#.# #.##.....'..
#.# #.#########.
#.# #.# #. #@##
#.# ## #g.# ##.#
#†..# .##.... ..
.#### .## # #. #


You could see a hobgoblin.

Vanquished Creatures
  A dart slug (D:1)
  A giant cockroach (D:1)
  2 goblins (D:1)
  2 hobgoblins (D:1)
  A quokka (D:1)
  A ball python (D:1)
  A bat (D:1)
  A kobold (D:1)
  A rat (D:1)
11 creatures vanquished.

Notes
Turn   | Place    | Note
-------+----------+-------------------------------------------
     0 | D:1      | kae the Naga Transmuter began the quest for the Orb.
     0 | D:1      | Reached XP level 1. HP: 18/18 MP: 3/3
   206 | D:1      | Reached XP level 2. HP: 16/25 MP: 5/5
   538 | D:1      | Slain by a hobgoblin

Illustrated notes

Levels and vault maps discovered:
D:1:      dpeg_arrival_rooms_b, layout_loops_ring,
          shapermc_ecumenical_altar_mp_vishouse, st_stairs_7

Action                   || total
-------------------------++-------
Melee: Unarmed           ||    23
       Punch             ||     1
 Cast: Beastly Appendage ||     4
 Abil: Spit Poison       ||     9
Armor: Robe              ||     4
Dodge: Dodged            ||    10

Table legend: (Time is in decaauts)
 A = Elapsed time spent in this place.
 B = Non-inter-level travel time spent in this place.
 C = Inter-level travel time spent in this place.
 D = Time resting spent in this place.
 E = Time spent auto-exploring this place.
 F = Levels seen in this place.
 G = Mean time per level.
                   A        B        C        D        E       F      G
               +--------+--------+--------+--------+--------+-----+--------+
         Total |    616 |    616 |      0 |      0 |    545 |   1 |  616.0 |
       Dungeon |    616 |    616 |      0 |      0 |    545 |   1 |  616.0 |
               +--------+--------+--------+--------+--------+-----+--------+

Top non-repeatable levels by time:
     D:1: 616 daAuts
